 Dungeon Crawl Stone Soup version 0.31.0-11-ge490571c62 (webtiles) character file.

Game seed: 6415229584649559940

45 qw the Shooter (level 3, 0/18 HPs)
             Began as a Spriggan Hunter on Feb 4, 2024.
             Slain by a goblin
             ... wielding a +0 club
             ... led by Robin
              (5 damage)
             ... on level 2 of the Dungeon.
             The game lasted 00:00:03 (797 turns).

qw the Shooter (Spriggan Hunter)                     Turns: 797, Time: 00:00:03

Health: 0/18       AC:  2    Str:  7    XL:     3   Next: 42%
Magic:  4/4        EV: 19    Int: 10    God:
Gold:   75         SH:  0    Dex: 20    Spells: 2/2 levels left

rFire   . . .        a - +0 shortbow (flame)
rCold   . . .        (shield currently unavailable)
rNeg    . . .        c - +0 robe
rPois   .            (helmet restricted)
rElec   .            (no cloak)
rCorr   +            (gloves unavailable)
SInv    +            (boots unavailable)
Will    .....        (no amulet)
Stlth   ++           g - ring of resist corrosion
HPRegen 0.23/turn    (no ring)
MPRegen 0.09/turn

%: no passive effects
@: lethally poisoned (0 -> -8), very quick
A: very small, no large weapons, unfitting armour, see invisible, speed 3
a: no special abilities


You were on level 2 of the Dungeon.
You visited 1 branch of the dungeon, and saw 2 of its levels.

You collected 75 gold pieces.


Innate Abilities, Weirdness & Mutations

You are very small and have problems with some larger weapons.
You are too small for most types of armour.
You have supernaturally acute eyesight. (SInv)
You cover ground extremely quickly. (Speed+++)


   Skills:
 - Level 1.5 Fighting
 + Level 4.7 Ranged Weapons
 - Level 4.0 Dodging
 - Level 1.5 Stealth


You had 2 spell levels left.
You didn't know any spells.
Your spell library was empty.

Inventory:

Hand Weapons
 a - a +0 shortbow of flaming (weapon)
Armour
 c - a +0 robe (worn)
Jewellery
 g - a ring of resist corrosion (left hand)
Potions
 d - 2 potions of mutation

Dungeon Overview and Level Annotations

Branches:
Dungeon (2/15)

Altars:
Gozag

Annotations:
D:2 Robin


Message History

A goblin comes into view. It is wielding a +0 dagger.
You shoot an arrow. The arrow completely misses the goblin.
The goblin shouts! x2
The arrow hits the goblin.
The arrow burns the goblin.
You kill the goblin!
You hear a shout! x2
A hobgoblin comes into view.
You shoot an arrow. The hobgoblin shouts!
The arrow hits the goblin!
The arrow burns the goblin.
You kill the goblin!
A goblin comes into view. It is wielding a +0 dagger.
Robin of the Strong Arm comes into view.
They are wielding a +0 club.
You shoot an arrow. The arrow barely misses the goblin.
A goblin comes into view. It is wielding a +0 dagger. x2
Robin says, "A pitiful Spriggan like you will never find the ORB!"
Robin throws the goblin at you!
A goblin comes into view. It is wielding a +2 dagger of venom.
The goblin moves out of view.
You shoot an arrow. The goblin shouts!
The arrow hits the goblin but does no damage.
You hear a shout!
Robin roars a battlecry!
The goblins go into a battle-frenzy!
The goblin barely misses you.
You shoot an arrow. The arrow hits the goblin!
The arrow burns the goblin.
You kill the goblin!
The goblin barely misses you. The goblin misses you.
Robin throws the goblin at you!
You shoot an arrow. The arrow closely misses the goblin.
The goblin hits you with a +0 dagger. The goblin hits you but does no damage.
The goblin completely misses you. The goblin misses you.
You shoot an arrow. The arrow hits the goblin!
The arrow burns the goblin.
You kill the goblin!
Robin throws the goblin at you! The goblin hits you with a +0 dagger.
The goblin hits you with a +2 dagger of venom.
You are lethally poisoned!
The goblin hits you with a +0 club.
You die...

+#'#'#+#'#+#########.....# #.#
...#...#...#### ........####.#
.<.#...#.>.##..########......)#
...#...#...##...........#######
####...######...........# #...#
#...........# #...#
#...........# ..###
####.$.gg......#
#....gg@.......#
#.....gg)......#
#.....g........#
#.....[........#
#..)...........#
...g.########### ..).. )....


You could see Robin, 2 hobgoblins and 5 goblins.

Vanquished Creatures
  5 ball pythons (D:1)
  7 endoplasms (D:1)
  4 kobolds
  7 bats (D:1)
  2 frilled lizards
  12 goblins
  3 rats (D:1)
40 creatures vanquished.

Notes
Turn   | Place    | Note
-------+----------+-------------------------------------------
     0 | D:1      | qw the Spriggan Hunter began the quest for the Orb.
     0 | D:1      | Reached XP level 1. HP: 10/10 MP: 2/2
     0 | D:1      | 0 ||| qw: Version: 0.3-a-160-g5e54788
     0 | D:1      | 0 ||| qw: Game counter: 4306
     0 | D:1      | 0 ||| qw: Melee chars always use a shield: true
     0 | D:1      | 0 ||| qw: God list: Okawaru
     0 | D:1      | 0 ||| qw: Allow faded altars: false
     0 | D:1      | 0 ||| qw: Do Orc after clearing Dungeon:15 true
     0 | D:1      | 0 ||| qw: Do second Lair branch before Depths: true
     0 | D:1      | 0 ||| qw: Lair rune preference: random
     0 | D:1      | 0 ||| qw: Goals: Normal
     0 | D:1      | 0 ||| PLANNING D:1-11
    27 | D:1      | Reached skill level 3 in Dodging
   162 | D:1      | Reached XP level 2. HP: 14/14 MP: 3/3
   304 | D:1      | Reached XP level 3. HP: 18/18 MP: 4/4
   662 | D:1      | 662 ||| UPGRADING to ring of resist corrosion.
   663 | D:1      | 663 ||| READING scroll labelled VEIMIP TYRU.
   663 | D:1      | 663 ||| IDENTIFYING 2 black potions
   664 | D:1      | 664 ||| READING scroll labelled NUQEDI BALIO.
   669 | D:1      | 669 ||| READING scroll labelled DUS NITYCI.
   669 | D:1      | 669 ||| BRANDING +0 shortbow.
   670 | D:1      | 670 ||| READING scroll labelled SUTERPH JIEVI QURI.
   671 | D:1      | 671 ||| DROPPING scroll of butterflies.
   739 | D:2      | Found an opulent altar of Gozag.
   792 | D:2      | Noticed Robin
   797 | D:2      | Slain by a goblin

Levels and vault maps discovered:
D:1:      dpeg_arrival_subterranean_lakeside_camping, layout_basic,
          dreamdust_princess_corridor, glass_columns_b, minmay_vboxes
D:2:      layout_basic, basic_altar, nicolae_elevator_lobby_plus, uniq_natasha,
          uniq_robin

Skill      XL: |  1  2 |
---------------+-------+-----
Dodging        | 3 4 |  4.0
Fighting       | |  1.5
Ranged Weapons | |  4.7
Stealth        | |  1.5

Action                     || total
---------------------------++-------
   Fire: Shortbow          ||    84
    Use: Scroll            ||     4
 Armour: Robe              ||    12
  Dodge: Dodged            ||    20

Table legend:
 A = Non-vault XP
 B = Vault XP
 C = Vault XP percentage of total XP
 D = Non-vault monster count
 E = Vault monster count
 F = Vault count percentage of total count
                 A         B        C        D         E       F
            +---------+---------+-------+---------+---------+-------
      Total |      38 |      29 |  43.3 |      22 |      18 |  45.0
            +---------+---------+-------+---------+---------+-------
        D:1 |      33 |      19 |  36.5 |      19 |      13 |  40.6
        D:2 |       5 |      10 |  66.7 |       3 |       5 |  62.5
            +---------+---------+-------+---------+---------+-------
